 Dungeon Crawl Stone Soup version 0.14-a0-2618-g5301534 (webtiles) character file.

203 4tharraofdagon the Ducker (level 5, -3/28 HPs)
             Began as a Kobold Gladiator on Feb 14, 2014.
             Was an Initiate of Makhleb.
             Killed from afar by an orc wizard (10 damage)
             ... with a magic dart
             ... on Level 7 of the Dungeon.
             The game lasted 00:04:48 (758 turns).

4tharraofdagon the Ducker (Kobold Gladiator)         Turns: 758, Time: 00:04:48

HP  -3/28        AC  6     Str 15      XL: 5   Next: 72%
MP   5/5         EV 12     Int  6      God: Makhleb [......]
Gold 40          SH  0     Dex 16      Spells:  0 memorised,  4 levels left

rFire  . . .     SeeInvis .     e - +0,+2 quarterstaff
rCold  . . .     Clarity  .     j - +0 orc ring mail (curse)
rNeg   + . .     Conserve .     (no shield)
rPois  .         rCorr    .     c - +0 helmet
rElec  .         rRot     .     (no cloak)
SustAb . .       Spirit   .     (no gloves)
rMut   .         Warding  .     (no boots)
Saprov + + .     Stasis   .     (no amulet)
MR     .....                    (no ring)
                                g - ring of positive energy {unknown}

@: very slightly contaminated, not resistant to hostile enchantments, very
unstealthy
A: disease resistance, carnivore 3, deterioration 1, frail 1, saprovore 2, wild
magic 1
a: Renounce Religion


You were on level 7 of the Dungeon.
You worshipped Makhleb.
Makhleb was noncommittal.
You were very full.

You visited 1 branch of the dungeon, and saw 7 of its levels.

You collected 82 gold pieces.
You spent 42 gold pieces at shops.

Inventory:

Hand weapons
 a - a +0,+0 quarterstaff
 e - a +0,+2 quarterstaff (weapon)
Missiles
 k - 2 throwing nets [falling apart] (quivered)
 l - 22 darts
 m - 7 poisoned javelins
Armour
 b - a +0 leather armour
 c - a +0 helmet (worn)
 j - a cursed +0 orcish ring mail (worn)
Magical devices
 n - a wand of enslavement (11)
Comestibles
 f - 2 meat rations
Scrolls
 h - a scroll of curse jewellery
 p - a scroll of remove curse
Jewellery
 g - a ring of positive energy (left hand) {unknown}
 i - an uncursed ring of teleportation
Potions
 o - a potion of restore abilities


   Skills:
 + Level 3.1 Fighting
 * Level 4.0 Staves
 - Level 2.6 Throwing
 + Level 1.5 Armour
 + Level 4.6 Dodging


You had 4 spell levels left.
You didn't know any spells.

Dungeon Overview and Level Annotations

Branches:
Dungeon (7/16)
 Temple: D:4-7

Altars:
Makhleb
Xom

Shops:
D:4 !

Annotations:
D:6 Sigmund


Innate Abilities, Weirdness & Mutations

You recuperate from illness quickly.
You are small and have problems with some larger weapons.
You are carnivorous and can eat meat at any time.
You can eat rotten meat.
Your body is slowly deteriorating.
You are frail (-10% HP).
Your spells are a little harder to cast, but a little more powerful.


Message History

You smell tea.
It was a scroll of random uselessness.
The water moccasin hisses angrily.
The giant cockroach misses you.
Read which item? (? for menu, Esc to quit)
As you read the scroll labeled MEIF LECVI, it crumbles to dust.
The creatures around you are filled with an inner flame!
It was a scroll of immolation.
The centaur shoots an arrow.
The arrow hits you! The giant cockroach misses you.
The orc wizard casts a spell.
The orc wizard blinks!
The centaur shoots an arrow.
The arrow misses you.
Unknown command.
Read which item? (? for menu, Esc to quit)
As you read the scroll labeled XOVVE XUDIRO, it crumbles to dust.
Blink to where?
Press: ? - help, Dir - move target cursor You are very lightly contaminated with residual magic.
It was a scroll of blinking.
You hear some strange, mumbled words.
The magic dart hits you!
You die...

## ####. #. ......
######.##### .......
........@.o###.......
..........Kos#...c>..
.........s.#s#...S....
.[..........#(ยง........
........<...###..).....
............# .......
############ #######


You could see an orc warrior, a scorpion, an orc wizard (inner flame), 2 giant
cockroaches and a kobold.

Vanquished Creatures
  An ogre (D:5)
  A hound (D:4)
  A worker ant (D:6)
  A giant gecko (D:5)
  2 orcs (D:4)
  2 bats
  2 goblins
  A hobgoblin (D:3)
  2 giant cockroaches
  A giant newt (D:5)
  3 kobolds
  A quokka (D:3)
  2 rats
20 creatures vanquished.

Notes
Turn   | Place    | Note
--------------------------------------------------------------
     0 | D:1      | 4tharraofdagon, the Kobold Gladiator, began the quest for the Orb.
     0 | D:1      | Reached XP level 1. HP: 12/12 MP: 1/1
   143 | D:3      | Reached XP level 2. HP: 15/17 MP: 2/2
   268 | D:4      | Found Gamokh's Distillery.
   278 | D:4      | Reached skill level 1 in Armour
   278 | D:4      | Reached skill level 4 in Dodging
   278 | D:4      | Reached XP level 3. HP: 20/22 MP: 3/3
   301 | D:5      | Entered Level 5 of the Dungeon
   358 | D:5      | Noticed an ogre
   386 | D:5      | Killed an ogre
   386 | D:5      | Reached XP level 4. HP: 15/28 MP: 4/4
   386 | D:5      | Reached XP level 5. HP: 17/32 MP: 5/5
   420 | D:4      | Bought a potion of mutation for 42 gold pieces
   421 | D:4      | Gained mutation: Your spells are a little harder to cast, but a little more powerful. [potion of mutation]
   421 | D:4      | Gained mutation: Your body is slowly deteriorating. [potion of mutation]
   421 | D:4      | Gained mutation: You are frail (-10% HP). [potion of mutation]
   422 | D:4      | D
   429 | D:4      | ctrlq
   529 | D:5      | Found a burning altar of Makhleb.
   530 | D:5      | Found a shimmering altar of Xom.
   534 | D:5      | Became a worshipper of Makhleb the Destroyer
   735 | D:6      | Noticed Sigmund
   748 | D:7      | Noticed an orc warrior
   754 | D:7      | Noticed a centaur
   758 | D:7      | Killed from afar by an orc wizard

Action                   |  1- 3 |  4- 6 || total
-------------------------+-------+-------++-------
Melee: Quarterstaff      |    51 |    34 ||    85
Throw: Throwing net      |     3 |     3 ||     6
Evoke: Wand              |       |     1 ||     1
  Use: Potion            |     1 |     2 ||     3
       Scroll            |     2 |     3 ||     5
 Stab: Held in net/web   |     4 |     1 ||     5
